 Dungeon Crawl Stone Soup version 0.18-a0-1805-g8ab820f (webtiles) character file.

34 Mefis the Magician (level 3, 0/24 HPs)
             Began as a Human Wizard on Apr 25, 2016.
             Slain by Sigmund
             ... wielding a +0 scythe
              (7 damage)
             ... on level 2 of the Dungeon.
             The game lasted 00:08:33 (1777 turns).

Mefis the Magician (Human Wizard)                   Turns: 1777, Time: 00:08:34

Health: 0/24       AC:  3    Str:  7    XL:     3   Next: 50%
Magic:  3/8        EV: 12    Int: 19    God:
Gold:   105        SH:  0    Dex: 11    Spells: 4 memorised, 2 levels left

rFire  . . .     SeeInvis .     (no weapon)
rCold  . . .     Gourm    .     a - +0 robe
rNeg   . . .     Faith    .     (no shield)
rPois  .         Spirit   .     b - +0 hat
rElec  .         Dismiss  .     (no cloak)
rCorr  .         Reflect  .     (no gloves)
SustAt .         Harm     .     g - +0 pair of boots
MR     .....                    (no amulet)
Stlth  ++........               (no ring)
                                (no ring)

@: not resistant to hostile enchantments, unstealthy
A: no striking features
a: no special abilities


You were on level 2 of the Dungeon.
You were not hungry.

You visited 1 branch of the dungeon, and saw 2 of its levels.

You collected 105 gold pieces.

Inventory:

Missiles
 e - 7 tomahawks of returning (quivered)
 f - 46 sling bullets
 i - a throwing net
Armour
 a - a +0 robe (worn)
 b - a +0 hat (worn)
 g - a +0 pair of boots (worn)
Scrolls
 j - a scroll of remove curse {unknown}
 k - a scroll of identify {unknown}
 l - a scroll of teleportation {unknown}
 m - a scroll of amnesia {unknown}
Potions
 h - a potion of curing {unknown}
Books
 c - a book of Minor Magic

   Spells                             Type                      Level
   a - Magic Dart                     Conjuration                  1
   b - Blink                          Translocation                2
   c - Call Imp                       Summoning                    2
   d - Repel Missiles                 Charms/Air                   2
   e - Slow                           Hexes                        2
   f - Conjure Flame                  Conjuration/Fire             3
   g - Mephitic Cloud                 Conjuration/Poison/Air       3
Comestibles
 d - a bread ration


   Skills:
 + Level 0.6 Throwing
 + Level 2.2 Dodging
 + Level 2.0 Stealth
 + Level 3.7 Spellcasting
 + Level 1.3 Conjurations
 + Level 1.1 Summonings
 + Level 1.0 Translocations


You had 2 spell levels left.
You knew the following spells:

 Your Spells              Type           Power        Failure   Level  Hunger
a - Magic Dart            Conj           #...         10%         1    None
b - Call Imp              Summ           #.......     14%         2    ##.....
c - Blink                 Tloc           N/A          17%         2    ##.....
d - Repel Missiles        Chrm/Air       #.....       24%         2    ##.....


Dungeon Overview and Level Annotations

Branches:
Dungeon (2/15)

Altars:

Annotations:
D:2 Sigmund


Message History

Your crimson imp hits Sigmund.
Sigmund hits your crimson imp with a scythe!
Your crimson imp dies!
Sigmund gestures at you while chanting.
The puff of flame misses your shadow imp.
The puff of flame hits you!
Your shadow imp hits Sigmund.
Sigmund closely misses your shadow imp.
Your shadow imp hits Sigmund but does no damage.
Sigmund casts a spell.
Sigmund flickers and vanishes!
Deactivating autopickup; reactivate with Ctrl-A.
Your shadow imp closely misses something.
Something hits your shadow imp!
Your shadow imp dies!
Something hits you.
* * * LOW HITPOINT WARNING * * *
You hear some strange, mumbled words.
Something tries to affect you, but you resist.
Something hits you!
You die...

#.....#
#####.....#
#.........#
#.##.###.....
#.##.# ####.
#.##..
#.####. ###.#
.. #.@.# ..
#######.###
##.
..........#
..
..........#
..........#
..........#
#########[#
#.# ####)#


There were no monsters in sight!

Vanquished Creatures
  An ooze (D:2)
  A giant gecko (D:1)
  A giant cockroach (D:1)
  A hobgoblin (D:1)
  A ball python (D:1)
  2 bats
  A giant newt (D:1)
  5 kobolds (D:1)
  6 rats
19 creatures vanquished.

Vanquished Creatures (collateral kills)
  An adder (D:2)
  A dart slug (D:2)
  A giant gecko (D:2)
  A giant cockroach (D:2)
  2 hobgoblins (D:2)
  2 kobolds (D:2)
  A bat (D:2)
9 creatures vanquished.

Grand Total: 28 creatures vanquished

Notes
Turn   | Place    | Note
--------------------------------------------------------------
     0 | D:1      | Mefis the Human Wizard began the quest for the Orb.
     0 | D:1      | Reached XP level 1. HP: 13/13 MP: 4/4
   366 | D:1      | Reached XP level 2. HP: 19/19 MP: 4/6
   370 | D:1      | Learned a level 2 spell: Call Imp
   373 | D:1      | Learned a level 2 spell: Blink
   376 | D:1      | Learned a level 2 spell: Repel Missiles
   927 | D:2      | Reached XP level 3. HP: 11/24 MP: 0/8
  1178 | D:2      | Noticed Sigmund
  1777 | D:2      | Slain by Sigmund

Vault maps used:
D:1:      minmay_arrival_three_doors
D:2:      item_on_display_a, uniq_sigmund

Action                   || total
-------------------------++-------
Melee: Unarmed           ||     6
Throw: Tomahawk          ||    22
 Cast: Magic Dart        ||    55
       Call Imp          ||    15
 Stab: Sleeping          ||     1
  Eat: Chunk             ||     3
Armor: Robe              ||    19
Dodge: Dodged            ||    55
